 Dungeon Crawl Stone Soup version 0.19-a0-1401-g902f63d (webtiles) character file.

629 epen the Ducker (level 7, 0/56 HPs)
             Began as a Merfolk Monk on Sept 2, 2016.
             Slain by an orc priest
             ... wielding a +0 falchion
              (6 damage)
             ... on level 4 of the Dungeon on Sept 4, 2016.
             The game lasted 00:06:34 (4546 turns).

epen the Ducker (Merfolk Monk)                      Turns: 4546, Time: 00:06:36

Health: 0/56       AC:  6    Str: 18    XL:     7   Next: 48%
Magic:  7/7        EV: 16    Int:  9    God:
Gold:   60         SH:  0    Dex: 17    Spells: 0 memorised, 6 levels left

rFire  . . .     SeeInvis .     t - +4 quarterstaff (chaos)
rCold  . . .     Gourm    .     b - +0 robe
rNeg   . . .     Faith    .     (shield currently unavailable)
rPois  .         Spirit   .     (no helmet)
rElec  .         Dismiss  .     u - +2 cloak {+Inv}
rCorr  .         Reflect  .     a - +0 pair of gloves
MR     .....     Harm     .     (no boots)
Stlth  ++........               x - amulet of regeneration
                                (no ring)
                                (no ring)

@: mighty
A: change form in water, swift swim, stealthy swim
a: Evoke Invisibility


You were on level 4 of the Dungeon.
You were not hungry.

You visited 1 branch of the dungeon, and saw 4 of its levels.

You collected 60 gold pieces.

Inventory:

Hand Weapons
 t - a +4 quarterstaff of chaos (weapon)
 w - a +0 trident
Armour
 a - a +0 pair of gloves (worn)
 b - a +0 robe (worn)
 u - a +2 cloak of invisibility (worn)
Jewellery
 x - an amulet of regeneration (around neck)
Wands
 v - a wand of slowing (26/48)
 A - a wand of confusion (24/48)
Scrolls
 f - 2 scrolls of fog {unknown}
 i - 2 scrolls of identify {unknown}
 m - a scroll of remove curse {unknown}
 p - a scroll of noise {unknown}
 r - a scroll of immolation {unknown}
 s - a scroll of blinking {unknown}
 y - a scroll of teleportation {unknown}
Potions
 d - a potion of might
 e - a potion of ambrosia {unknown}
 h - a potion of cure mutation {unknown}
 j - a potion of lignification {unknown}
 k - 2 potions of agility {unknown}
 l - a potion of magic {unknown}
 n - a potion of flight {unknown}
Comestibles
 c - 4 bread rations
 g - a meat ration
 o - a beef jerky
 q - 3 fruits
 z - a chunk of flesh


   Skills:
 + Level 5.1 Fighting
 + Level 6.2 Polearms
 * Level 3.4 Armour
 + Level 6.5 Dodging
 - Level 2.1 Stealth


You had 6 spell levels left.
You didn't know any spells.

Dungeon Overview and Level Annotations

Branches:
Dungeon (4/15)
 Temple: D:4-7

Altars:
Sif Muna

Shops:
D:4 :


Message History

You barely miss the orc priest.
The orc priest is severely wounded.
The orc hits you from afar with a trident.
* * * LOW HITPOINT WARNING * * *
The orc priest casts a cantrip, but nothing happens.
The orc barely misses you.
The orc priest hits you with a falchion.
* * * LOW HITPOINT WARNING * * *
You barely miss the orc priest.
The orc priest is severely wounded.
The iguana bites you.
* * * LOW HITPOINT WARNING * * *
The orc closely misses you. The orc priest barely misses you.
The orc barely misses you. The iguana bites you.
* * * LOW HITPOINT WARNING * * *
It was a potion of might.
You feel very mighty all of a sudden. The orc misses you.
The orc priest hits you with a falchion.
You die...

########## #........# ###
#......?.#
...+........###########
####.#........##.........
..............++.........
........o.....##.........
#.?ol@!....##.........
......o..................
..[......................
.........................
#####.........##.........
#.###...####......... ...
.....# ########.. ##.
###..# #########.. #..#
#..........


You could see an iguana, an orc priest and 2 orcs.

Vanquished Creatures
  Sigmund (D:4)
  Blork the orc (D:3)
  A scorpion (D:4)
  Crazy Yiuf (D:2)
  Ijyb (D:2)
  Terence (D:2)
  An iguana (D:4)
  2 orc wizards (D:3)
  Robin (D:2)
  5 adders
  4 worms
  A dart slug (D:2)
  4 giant geckos
  10 orcs
  11 bats
  8 giant cockroaches
  16 goblins
  8 hobgoblins
  16 jackals
  3 quokkas
  3 ball pythons
  7 giant newts
  14 kobolds
  A quokka skeleton (D:4)
  7 rats
128 creatures vanquished.

Notes
Turn   | Place    | Note
-------+----------+-------------------------------------------
     0 | D:1      | epen the Merfolk Monk began the quest for the Orb.
     0 | D:1      | Reached XP level 1. HP: 18/18 MP: 1/1
   178 | D:1      | Reached XP level 2. HP: 17/24 MP: 2/2
   376 | D:1      | Reached skill level 1 in Armour
   548 | D:1      | Reached XP level 3. HP: 29/29 MP: 3/3
  1119 | D:2      | Noticed Robin
  1451 | D:2      | Killed Robin
  1451 | D:2      | Reached XP level 4. HP: 13/35 MP: 4/4
  1925 | D:2      | Reached skill level 5 in Dodging
  2181 | D:2      | Found a runed door.
  2425 | D:2      | Noticed Crazy Yiuf
  2455 | D:2      | Killed Crazy Yiuf
  2455 | D:2      | Reached skill level 5 in Polearms
  2455 | D:2      | Reached XP level 5. HP: 14/42 MP: 5/5
  2916 | D:3      | Noticed Terence
  3126 | D:2      | Killed Terence
  3401 | D:3      | Noticed Ijyb
  3411 | D:3      | Reached XP level 6. HP: 28/48 MP: 6/6
  3619 | D:2      | Killed Ijyb
  3668 | D:3      | Upgraded the game from 0.19-a0-1365-gb34f4cb to 0.19-a0-1401-g902f63d
  3930 | D:3      | Noticed Blork the orc
  3940 | D:3      | Killed Blork the orc
  3944 | D:3      | Found a deep blue altar of Sif Muna.
  4166 | D:4      | Reached XP level 7. HP: 55/55 MP: 7/7
  4276 | D:4      | Found Amecu's Book Boutique.
  4487 | D:4      | Noticed Sigmund
  4494 | D:4      | Killed Sigmund
  4494 | D:4      | Reached skill level 5 in Fighting
  4546 | D:4      | Slain by an orc priest

Vault maps used:
D:1:      roderic_crop_circles_arrival_small
D:2:      uniq_robin, uniq_crazy_yiuf_cottage
D:3:      tgw_sif, uniq_terence, uniq_iyjb
D:4:      serial_shops, nicolae_shop_behind_doors, minmay_misc_feat_room,
          uniq_sigmund

Skill      XL: |  1  2  3  4  5  6  7 |
---------------+----------------------+-----
Armour         | 1 2 3 |  3.4
Dodging        | 5 6 |  6.5
Polearms       | 5 6 |  6.2
Fighting       | 4 5 |  5.1
Stealth        | |  2.1

Action                   |  1- 3 |  4- 6 |  7- 9 || total
-------------------------+-------+-------+-------++-------
Melee: Spear             |   168 |   122 |       ||   290
       Quarterstaff      |       |   153 |    23 ||   176
       Tailslap          |       |     2 |       ||     2
  Use: Potion            |       |       |     1 ||     1
 Stab: Sleeping          |     5 |     8 |     2 ||    15
  Eat: Chunk             |     2 |     9 |     1 ||    12
Armor: Robe              |    16 |    73 |     6 ||    95
Dodge: Dodged            |    96 |   268 |    29 ||   393
